 Dungeon Crawl Stone Soup version 0.19-a0-1170-g18f0c96 (webtiles) character file.

3617 Gagarin the Grappler (level 9, -8/133 HPs)
             Began as a Troll Monk on Aug 17, 2016.
             Was an Elder of Trog.
             Mangled by an orc warrior
             ... wielding a +0 glaive
              (15 damage)
             ... on level 8 of the Dungeon.
             The game lasted 00:10:56 (5832 turns).

Gagarin the Grappler (Troll Monk)                   Turns: 5832, Time: 00:10:57

Health: -8/133     AC:  5    Str: 26    XL:     9   Next: 86%
Magic:  8/8        EV: 14    Int:  6    God:    Trog [****..]
Gold:   431        SH:  0    Dex: 15    Spells: 0 memorised, 8 levels left

rFire  . . .     SeeInvis .       - Unarmed
rCold  . . .     Gourm    +     B - +0 animal skin
rNeg   . . .     Faith    .     (no shield)
rPois  .         Spirit   .     (helmet restricted)
rElec  .         Dismiss  .     (no cloak)
rCorr  .         Reflect  .     (gloves unavailable)
MR     .....     Harm     .     (boots unavailable)
Stlth  ..........               (no amulet)
                                (no ring)
                                (no ring)

@: berserking (expiring), very quick
A: unfitting armour, claws 3, fast metabolism 3, gourmand, regeneration 2,
shaggy fur 1, tough skin 2
a: Berserk, Trog's Hand, Brothers in Arms, Burn Spellbooks, Renounce Religion


You were on level 8 of the Dungeon.
You worshipped Trog.
Trog was greatly pleased with you.
You were completely stuffed.

You visited 1 branch of the dungeon, and saw 8 of its levels.

You collected 431 gold pieces.

Inventory:

Hand Weapons
 k - a +2 vampiric whip
 A - a +1 whip of freezing
Missiles
 i - 2 throwing nets (quivered)
Armour
 a - a +0 robe
 B - a +0 animal skin (worn)
Jewellery
 m - a cursed -3 ring of slaying {unknown}
 F - an uncursed ring of flight {unknown}
 I - a cursed -3 ring of evasion {unknown}
Wands
 x - a wand of slowing (27/48)
Scrolls
 c - 2 scrolls of random uselessness {unknown}
 d - 3 scrolls of remove curse {unknown}
 g - a scroll of immolation {unknown}
 h - 2 scrolls of magic mapping {unknown}
 n - 9 scrolls of identify {unknown}
 o - 3 scrolls of teleportation {unknown}
 u - a scroll of fear {unknown}
 y - 4 scrolls of fog {unknown}
 C - a scroll of noise {unknown}
 D - a scroll of enchant armour {unknown}
 E - a scroll of recharging {unknown}
Potions
 e - 3 potions of curing {unknown}
 f - 2 potions of flight {unknown}
 l - 4 potions of resistance {unknown}
 p - a potion of cure mutation {unknown}
 q - 4 potions of berserk rage {unknown}
 r - 2 potions of might {unknown}
 s - a potion of agility {unknown}
 v - a potion of heal wounds {unknown}
 w - a potion of lignification {unknown}
 z - a potion of brilliance {unknown}
 G - a potion of haste {unknown}
Comestibles
 b - 11 bread rations
 j - 3 beef jerkies
 t - 3 meat rations
 H - 5 chunks of flesh


   Skills:
 + Level 6.2 Fighting
 + Level 6.6 Dodging
 - Level 1.1 Stealth
 * Level 10.4 Unarmed Combat


You had 8 spell levels left.
You didn't know any spells.

Dungeon Overview and Level Annotations

Branches:
Dungeon (8/15)             Temple (0/1) D:4
   Lair: D:8-11

Altars:
Gozag
Hepliaklqana
Kikubaaqudgha
Pakellas
Ru
Trog
Uskayaw
Xom
Zin
The Shining One


Innate Abilities, Weirdness & Mutations

You are too large for most types of armour.
You have claws for hands.
Your metabolism is lightning-fast.
You like to eat raw meat.
You heal very quickly.
You are covered in fur. (AC +1)
You have very tough skin. (AC +2)


Message History

* * * LOW HITPOINT WARNING * * *
The worker ant completely misses you.
Things that are here:
a whip; a hand axe You mangle the orc warrior!!
The orc warrior is severely wounded.
The wolf bites you!
* * * LOW HITPOINT WARNING * * *
The orc warrior hits you with a glaive!
* * * LOW HITPOINT WARNING * * *
The orc hits you with a whip.
* * * LOW HITPOINT WARNING * * *
You closely miss the orc warrior. Your claw misses the orc warrior.
The orc warrior is severely wounded.
The wolf bites you but does no damage. The worker ant barely misses you.
You scratch the orc warrior.
The orc warrior is almost dead.
The wolf barely misses you. The orc closely misses you.
The orc warrior hits you with a glaive!
You die...

#.#.# #.# #.# #. ..>
#.# #.# #. .. #.# #.#
#. .. #.# #.# #.
#.#####.####.#######.
#......).............
#.)))......#######
#).#####..........
#@h# #...#######
#.oao..# #..##
#..h...# #.##
#......# #.#
..##.......# .##
##.###### #. .# # .#


You could see an orc warrior, 2 wolves, a worker ant and an orc.

Vanquished Creatures
  The ghost of hairmachine the Carver, a novice MiGl of Hepliaklqana (D:7)
  Pikel (D:6)
  A troll (D:7)
  Grinder (D:6)
  A vampire (D:7)
  A hippogriff (D:8)
  Grum (D:8)
  A hungry ghost (D:7)
  A water moccasin (D:4)
  An ice beast (D:8)
  A slave (D:6)
  3 ogres
  A necrophage (D:7)
  A centaur (D:6)
  A wolf (D:8)
  A giant frog (D:7)
  A wyvern skeleton (D:6)
  A water moccasin zombie (D:8)
  A scorpion (D:7)
  3 wights (D:7)
  2 crimson imps
  2 jellies
  An orc priest (D:8)
  A centaur skeleton (D:6)
  2 hounds
  An orc wizard (D:7)
  2 giant frog skeletons
  2 iguanas
  4 worker ants
  A killer bee zombie (D:7)
  A hound skeleton (D:4)
  3 gnolls (D:8)
  4 adders
  A shadow imp (D:7)
  2 oozes
  An adder skeleton (D:8)
  3 dart slugs
  2 worms
  6 giant geckos
  16 orcs
  6 bats
  8 giant cockroaches
  6 goblins
  A hobgoblin (D:2)
  12 jackals
  4 quokkas
  A ball python (D:4)
  3 giant newts
  A jackal zombie (D:7)
  5 kobolds
  A quokka skeleton (D:4)
  9 rats
138 creatures vanquished.

Vanquished Creatures (others)
  A slave (D:6)
  A hound (D:6)
2 creatures vanquished.

Grand Total: 140 creatures vanquished

Notes
Turn   | Place    | Note
-------+----------+-------------------------------------------
     0 | D:1      | Gagarin the Troll Monk began the quest for the Orb.
     0 | D:1      | Reached XP level 1. HP: 22/22 MP: 0/0
   327 | D:1      | Reached XP level 2. HP: 27/29 MP: 1/1
  1018 | D:2      | Reached XP level 3. HP: 35/36 MP: 2/2
  1285 | D:2      | Found a bloodstained altar of Trog.
  1288 | D:2      | Found a hazy altar of Hepliaklqana.
  1289 | D:2      | Found a sacrificial altar of Ru.
  1289 | D:2      | Found a shimmering altar of Xom.
  1290 | D:2      | Found an ancient bone altar of Kikubaaqudgha.
  1292 | D:2      | Found an opulent altar of Gozag.
  1318 | D:2      | Became a worshipper of Trog the Wrathful
  1318 | D:2      | Reached * piety under Trog
  1318 | D:2      | Reached ** piety under Trog
  1822 | D:3      | Reached XP level 4. HP: 44/44 MP: 3/3
  1918 | D:3      | Reached skill level 4 in Unarmed Combat
  2092 | D:4      | Noticed a water moccasin
  2100 | D:4      | Killed a water moccasin
  2100 | D:4      | Reached XP level 5. HP: 41/53 MP: 4/4
  2163 | D:4      | Reached skill level 5 in Unarmed Combat
  2173 | D:4      | Reached XP level 6. HP: 51/61 MP: 5/5
  2189 | D:4      | Found a staircase to the Ecumenical Temple.
  2693 | D:5      | Entered Level 5 of the Dungeon
  3724 | D:6      | Found a glowing silver altar of Zin.
  3871 | D:6      | Noticed a slave
  3872 | D:6      | Noticed a slave
  3872 | D:6      | Noticed Pikel
  3872 | D:6      | Noticed a slave
  3878 | D:6      | Killed a slave
  3883 | D:6      | Noticed a slave
  3891 | D:6      | Killed Pikel
  3891 | D:6      | Reached skill level 7 in Unarmed Combat
  3891 | D:6      | Reached XP level 7. HP: 59/71 MP: 6/6
  4024 | D:6      | Found an oddly glowing altar of Pakellas.
  4047 | D:6      | Reached *** piety under Trog
  4084 | D:6      | Reached XP level 8. HP: 77/79 MP: 7/7
  4433 | D:6      | Noticed Grinder
  4440 | D:6      | Killed Grinder
  4440 | D:6      | Reached skill level 5 in Dodging
  4650 | D:7      | Noticed hairmachine's ghost (novice MiGl)
  4660 | D:7      | Killed hairmachine's ghost
  4660 | D:7      | Reached skill level 5 in Fighting
  4660 | D:7      | Reached skill level 8 in Unarmed Combat
  4753 | D:7      | Reached XP level 9. HP: 88/88 MP: 8/8
  4779 | D:7      | Reached skill level 9 in Unarmed Combat
  4809 | D:7      | Found a glowing golden altar of the Shining One.
  5045 | D:7      | Noticed a troll
  5054 | D:7      | Killed a troll
  5677 | D:8      | Reached skill level 10 in Unarmed Combat
  5733 | D:8      | Noticed a hand axe
  5734 | D:8      | Noticed a hand axe
  5744 | D:8      | Found a hide-covered altar of Uskayaw.
  5812 | D:8      | Noticed Grum
  5823 | D:8      | Killed Grum
  5823 | D:8      | Reached **** piety under Trog
  5830 | D:8      | HP: 6/133 [orc/whip (1)]
  5832 | D:8      | Mangled by an orc warrior

Vault maps used:
D:1:      nagdon_arrival_zigzag_paths
D:2:      minitemple, first_bread
D:6:      kennysheep_mini_moat, marbit_many_paths, uniq_grinder, uniq_pikel
D:7:      basic_altar
D:8:      dancing_weapons_uskayaw, serial_shops, shop, uniq_grum

Skill      XL: |  1  2  3  4  5  6  7  8  9 |
---------------+----------------------------+-----
Dodging        | 3 4 5 6 |  6.6
Unarmed Combat | 4 5 7 8 10 | 10.4
Fighting       | 3 4 5 6 |  6.2
Stealth        | |  1.1

Action                   |  1- 3 |  4- 6 |  7- 9 || total
-------------------------+-------+-------+-------++-------
Melee: Unarmed           |   106 |   106 |   180 ||   392
       Punch             |       |     1 |     6 ||     7
Invok: Berserk           |       |     1 |     5 ||     6
 Stab: Sleeping          |     2 |     3 |       ||     5
  Eat: Chunk             |    22 |    17 |    27 ||    66
Armor: Robe              |    48 |    22 |       ||    70
       Animal skin       |       |       |    29 ||    29
Dodge: Dodged            |    58 |    52 |   116 ||   226
